← All builds
Front / Armada / Economy first / OBSERVED BUILD

Standard front

Armada Front build order · Supreme Isthmus

Standard economy-first Front play: Bot Lab and Vehicle Plant up immediately, units trickle to the coast and middle, with an Advanced Metal Extractor around 9:00 as the eco transition.

#eco · 1687 distinct matches · 243 players · 74% of Armada Front games · team won 60% of 1981 · Recently observed

HOW TO PLAY IT

Key timing: T2 constructor by 7:43

  1. Open mex and wind, drop Bot Lab and Vehicle Plant almost immediately.
  2. Pump Blitz, Rocketeer and Pawn to the coast to stop leaks first.
  3. Add Centurion and Janus once first units are moving up.
  4. Form units into a line pushing toward middle as numbers grow.
  5. Upgrade to Advanced Metal Extractor as the economy transition kicks in.

Phase by phase

TYPICAL OF ITS 1687 GAMES
  1. 1
  2. 2
  3. 3
PLAY THE OPENING

Follow the example game's first 6:00 step by step: what to build now, what comes next, and where it goes. At 1× it keeps pace with your own game.

  1. 1

    Up to the Bot Lab

    Economy
    • Metal Extractor2Mex
    Order
    1. Bot LabBot Lab after 2 mex, 1 winddone ~0:44, middle half 0:33–0:55

    Some games also: wind (48%) · Vehicle Plant (35%)

    By 0:28 in all: 2 mex

    The example game in this phase · 3 steps
    1. Mex ×2
    2. Wind ×2
    3. Bot LabBot Labdone 0:45 · typical 0:44
  2. 2

    Bot Lab to 5:00

    Economy
    • Metal Extractor4Mex
    • Wind Turbine3Wind
    Builders
    • Construction Bot2 Con bot
    Army
    • Sentry1 Sentry
    • Rocketeer6 Rocketeer

    Some games also: Lazarus (49%) · tick (46%) · centurion (40%) · con vehicle (32%) · janus (32%)

    By 5:00 in all: 6 mex · 6 wind

    The example game in this phase · 37 steps
    1. TickTick ×3for Tech
    2. Construction BotCon bot
    3. Mex
    4. LazarusLazarus
    5. Construction BotCon bot
    6. Mex
    7. Construction BotCon bot
    8. RocketeerRocketeer
    9. Mex
    10. RocketeerRocketeer
    11. Radar TowerRadar Tower
    12. RocketeerRocketeer ×4
    13. SentrySentry
    14. RocketeerRocketeer
    15. Mex
    16. RocketeerRocketeer ×3
    17. SentrySentry
    18. RocketeerRocketeer
    19. SentrySentry
    20. RocketeerRocketeer ×3
    21. SentrySentry
    22. RocketeerRocketeer
    23. LazarusLazarus
    24. RocketeerRocketeer ×3
    25. SentrySentry
    26. RocketeerRocketeer
    27. SentrySentry
    28. Wind
    29. RocketeerRocketeer
    30. Wind ×2
    31. RocketeerRocketeer
    32. SentrySentry
    33. Con turret
    34. JanusJanus
    35. SentrySentry
    36. RocketeerRocketeer
    37. Mex
  3. 3

    5:00 to 10:00

    Economy
    • Metal Extractor1Mex
    • Wind Turbine14Wind
    Builders
    • Construction Turret2 Con turret
    Army
    • Sentry1 Sentry

    Some games also: rocketeer (45%) · energy storage (43%) · Lazarus (38%) · con bot (37%) · Radar Tower (36%)

    By 10:00 in all: 7 mex · 24 wind · 1 energy storage · 3 con turret

    The example game in this phase · 192 steps
    1. RocketeerRocketeer
    2. JanusJanus
    3. Radar TowerRadar Tower
    4. Wind
    5. SentrySentry
    6. RocketeerRocketeer
    7. Wind
    8. SentrySentry
    9. Wind
    10. RocketeerRocketeer
    11. Wind
    12. LazarusLazarus
    13. Wind ×2
    14. Construction BotCon bot
    15. Wind ×2
    16. Construction BotCon bot
    17. Wind
    18. CenturionCenturion
    19. SentrySentry
    20. Wind
    21. CenturionCenturion
    22. Wind
    23. SentrySentry
    24. CenturionCenturion
    25. Wind
    26. SentrySentry
    27. Wind
    28. CenturionCenturion
    29. Wind
    30. SentrySentry
    31. Wind
    32. CenturionCenturion
    33. Wind ×13
    34. Con turret
    35. Construction BotCon bot
    36. Wind ×2
    37. SentrySentry
    38. Construction BotCon bot
    39. Converter
    40. Wind
    41. SentrySentry
    42. Wind
    43. Converter
    44. Wind
    45. Converter
    46. Wind ×2
    47. Converter
    48. Wind ×3
    49. Converter
    50. Con turret
    51. CenturionCenturion
    52. Wind ×2
    53. CenturionCenturion
    54. Wind
    55. Converter
    56. Wind
    57. CenturionCenturion
    58. Wind ×2
    59. Converter
    60. Wind ×2
    61. CenturionCenturion
    62. Wind
    63. Converter
    64. CenturionCenturion
    65. Wind
    66. Converter
    67. Wind
    68. CenturionCenturion
    69. Wind
    70. Converter
    71. Wind
    72. CenturionCenturion
    73. Wind
    74. Converter
    75. LazarusLazarus
    76. Wind
    77. LazarusLazarus
    78. Advanced Metal ExtractorT2 mexdone 10:44 · typical 9:01
    79. Wind
    80. Converter
    81. Wind
    82. Advanced Metal ExtractorT2 mex
    83. Construction BotCon bot
    84. Advanced Metal ExtractorT2 mex
    85. Wind
    86. Construction BotCon bot
    87. Wind
    88. PawnPawn
    89. Wind ×2
    90. PawnPawn ×2
    91. Wind
    92. PawnPawn
    93. Advanced Metal ExtractorT2 mex
    94. PawnPawn
    95. Wind
    96. Energy storage
    97. PawnPawn
    98. Construction BotCon bot
    99. Wind
    100. Construction BotCon bot
    101. Wind
    102. PawnPawn
    103. Wind
    104. PawnPawn
    105. Wind
    106. PawnPawn
    107. Wind
    108. PawnPawn ×2
    109. Wind ×2
    110. PawnPawn
    111. Advanced Metal ExtractorT2 mex
    112. Wind
    113. PawnPawn
    114. Construction BotCon bot
    115. Wind ×2
    116. Converter
    117. Construction BotCon bot
    118. Wind
    119. PawnPawn
    120. Wind
    121. PawnPawn
    122. Wind
    123. PawnPawn
    124. Wind
    125. PawnPawn
    126. Converter
    127. Wind
    128. Construction BotCon bot
    129. Wind
    130. Energy storage
    131. Construction BotCon bot
    132. Wind
    133. PawnPawn
    134. Wind
    135. PawnPawn
    136. Wind
    137. PawnPawn
    138. Wind
    139. PawnPawn
    140. Converter
    141. PawnPawn
    142. Wind ×2
    143. PawnPawn
    144. RattlesnakeRattlesnakedone 14:17
    145. PawnPawn
    146. Wind
    147. PawnPawn
    148. Wind
    149. PawnPawn
    150. Wind
    151. Converter
    152. PawnPawn
    153. Sneaky PeteSneaky Pete
    154. Wind
    155. PawnPawn ×2
    156. Wind ×2
    157. PawnPawn ×2
    158. Wind
    159. Converter
    160. Wind
    161. PawnPawn
    162. Wind
    163. PawnPawn
    164. Wind
    165. PawnPawn
    166. Wind
    167. PawnPawn
    168. Wind
    169. Converter
    170. PawnPawn
    171. Wind ×2
    172. PawnPawn ×2
    173. Wind
    174. Advanced Metal ExtractorT2 mex
    175. PawnPawn
    176. Wind
    177. PawnPawn ×2
    178. Wind
    179. PawnPawn
    180. Wind
    181. PawnPawn
    182. Wind
    183. PawnPawn
    184. RattlesnakeRattlesnake
    185. Wind
    186. PawnPawn
    187. Wind ×2
    188. PawnPawn
    189. Wind
    190. PawnPawn
    191. Wind
    192. PawnPawn

Counts are medians over the build's games: half of them build more, half fewer. The example game is NEXUS_VI's (33 OS, 28/09/2026); pick another.

Team trades

IN AT LEAST 30% OF ITS GAMES

You hand over

Nothing regular.

You get

  • Tidal Generator4 Tidal from Pondfirst at 0:17 · in 68% of games
  • Advanced Construction Bot1 T2 con bot from Geo or Techfirst at 7:23 · in 64% of games

How it plays out

Typical game of this build, running totals by minute

Metal produced

010k20k30k
0:005:0010:0015:00

metal

Enemy metal destroyed

05k10k
0:005:0010:0015:00

metal

Own metal lost

05k10k
0:005:0010:0015:00

metal

1981 games.

Show as table
ByMetal produced: This buildEnemy metal destroyed: This buildOwn metal lost: This build
1:0033300
2:008402131
3:001619134108
4:002700522333
5:0038471127787
6:00503519341428
7:00624927222309
8:00753335453177
9:00897043294073
10:001052950054812
11:001236455365547
12:001452759886408
13:001685764687002
14:001922072077830
15:002185478718698
WHAT THE NUMBERS SAY

Standard Front play wins more often than Suicide front and produces more metal by 15:00 while losing less of it.

  • + Metal produced reaches 22627 by 15:00, well above Suicide front's 20142.
  • + Own metal lost is 8944 by 15:00, lower than enemy metal destroyed ratio of Suicide front.
  • − First unit lost already at 1:43, showing exposure despite the safer position.
  • − Blitz dominates army share at 25%, leaving fewer Centurion for anti-swarm.
THE EXAMPLE YOU ARE READING

NEXUS_VI

32.8 OS · 28/09/2026

Open source match ↗

5 received units · includes a constructor
306 metal received · 28922 energy received

Allied construction assistance is unknown. Timings are observations, not a promise of solo reproducibility.

Typical milestones

Bot Lab0:44Middle 50%: 0:33–0:55 · n=1323
Vehicle Plant0:47Middle 50%: 0:41–1:13 · n=1277
Advanced Metal Extractor9:01Middle 50%: 8:09–10:15 · n=1555

Played most by

haaven107games of this buildHummell107games of this buildLeohvm93games of this buildTheGeneraI74games of this buildXad69games of this build